 Dungeon Sprint DCSS version 0.17-a0-1719-g1afd5a1 (webtiles) character file.

106945 Kidiri the Imperceptible (level 15, -3/63 HPs)
             Began as a Spriggan Enchanter on Aug 27, 2015.
             Was the Champion of Dithmenos.
             Splashed with acid (7 damage)
             ... in the Dungeon (Sprint III: "The Ten Rune Challenge").
             The game lasted 01:00:02 (11137 turns).

Kidiri the Imperceptible (Spriggan Enchanter)      Turns: 11137, Time: 01:00:02

Health: -3/63      AC:  6    Str:  8    XL:     15   Next: 19%
Magic:  21/41      EV: 39    Int: 19    God:    Dithmenos [******]
Gold:   3067       SH:  0    Dex: 19    Spells: 13 memorised, 3 levels left

rFire  + + .     SeeInvis +     n - +3 short sword (venom)
rCold  + . .     Rnd*Rage +     u - +2 robe {rC+ rF+}
rNeg   + . .     SustAt   .     (shield restricted)
rPois  .         Gourm    .     j - +2 hat {MR+}
rElec  .         Spirit   .     (no cloak)
rCorr  .         Warding  .     (gloves unavailable)
rMut   .         NoTele   +     (boots unavailable)
MR     ++++.                    (no amulet)
Stlth  ++++++++++               f - ring of positive energy
                                z - ring "Jitraw" {rF+ MR+ Str+6}

@: very slightly contaminated, wreathed by umbra, studying Short Blades,
invisible, very quick, incredibly resistant to hostile enchantments, uncannily
stealthy
A: unfitting armour, see invisible, berserk 1, blink 1, clumsy 1, herbivore 3,
speed 3, screaming 1, slow metabolism 2, weak 1, wild magic 1
a: Blink, Shadow Step, Shadow Form, Renounce Religion
}: 2/10 runes: decaying, barnacled


You were in the Dungeon.
You worshipped Dithmenos.
Dithmenos was exalted by your worship.
You were very full.

You visited 1 branch You collected 4533 gold pieces.
You spent 1466 gold pieces at shops.

Inventory:

Hand weapons
 n - a +3 short sword of venom (weapon)
 y - a +2 battleaxe of venom
 D - a +4 lajatang of protection
 I - a +0 spear
 M - a +0 dagger
 N - a +0 short sword
 Q - a +0 dagger
 R - a +0 dagger of venom
 S - a +0 short sword
Missiles
 J - 21 stones (quivered)
Armour
 j - a +2 hat of magic resistance (worn)
 u - a +2 robe of resistance (worn)
 F - a +0 leather armour
 G - a +0 ring mail
 K - a +4 chain mail of cold resistance
 L - a +0 ring mail
 O - a +0 hat
 P - a +0 pair of gloves
 T - a +3 leather armour of cold resistance
Jewellery
 f - a ring of positive energy (right hand)
 x - an uncursed ring of wizardry
 z - the ring "Jitraw" (left hand) {rF+ MR+ Str+6}
   (You took it off a deep elf master archer in the Dungeon)

   [ring of strength]

   It affects your strength (+6).
   It protects you from fire.
   It affects your resistance to hostile enchantments.
Scrolls
 a - a scroll of blinking
 m - a scroll of silence {unknown}
 o - a scroll of recharging
 s - a scroll of torment
 t - 2 scrolls of remove curse
 A - 4 scrolls of amnesia {unknown}
Potions
 b - a potion of berserk rage
 e - 4 potions of curing
 g - 2 potions of haste
 h - 3 potions of magic
 i - a potion of might
 q - a potion of cancellation
 r - a potion of flight
 w - 3 potions of lignification
 B - a potion of resistance {unknown}
 C - a potion of cure mutation
Books
 c - a book of Ice

   Spells                             Type                      Level
   a - Ice Form                       Ice/Transmutation            4
   b - Metabolic Englaciation         Hexes/Ice                    5
   c - Ozocubu's Refrigeration        Ice                          6
   d - Bolt of Cold                   Conjuration/Ice              6
   e - Freezing Cloud                 Conjuration/Ice/Air          6
   f - Simulacrum                     Ice/Necromancy               6
 d - a book of Spatial Translocations

   Spells                             Type                      Level
   a - Apportation                    Translocation                1
   b - Blink                          Translocation                2
   c - Shroud of Golubria             Charms/Translocation         2
   d - Portal Projectile              Translocation                3
   e - Teleport Other                 Translocation                3
   f - Passage of Golubria            Translocation                4
 k - an Akashic Record

   Spells                             Type                      Level
   a - Dispersal                      Translocation                6
   b - Controlled Blink               Translocation                7
   c - Malign Gateway                 Summoning/Translocation      7
   d - Disjunction                    Translocation                8
 l - a manual of Short Blades
 v - Jezxaid's Collected Works on Battle Magic and Flames
   (You found it in the Dungeon)

   Spells                             Type                      Level
   a - Flame Tongue                   Conjuration/Fire             1
   b - Throw Flame                    Conjuration/Fire             2
   c - Fireball                       Conjuration/Fire             5
   d - Bolt of Magma                  Conjuration/Fire/Earth       5
   Dithmenos disapproves of the use of such an item.
Miscellaneous
 E - a plain deck of changes
Comestibles
 p - 24 royal jellies
 H - 2 beef jerkies


   Skills:
 + Level 15.7 Short Blades
 * Level 24.1 Dodging
 * Level 26.0 Stealth
 * Level 21.1 Spellcasting
 + Level 10.6 Conjurations
 + Level 16.0 Hexes
 + Level 17.5 Translocations
 + Level 11.4 Ice Magic
 + Level 10.2 Air Magic
 - Level 3.0 Invocations


You had 3 spell levels left.
You knew the following spells:

 Your Spells              Type           Power        Failure   Level  Hunger
a - Corona                Hex            #######      1%          1    None
b - Ensorcelled Hibernat  Hex/Ice        ######       1%          2    None
c - Confuse               Hex            #######.     1%          3    None
d - Tukima's Dance        Hex            #######.     1%          3    None
e - Dazzling Spray        Conj/Hex       #######.     1%          3    None
f - Apportation           Tloc           #######...   1%          1    None
g - Invisibility          Hex            #######.     3%          6    ####...
h - Metabolic Englaciati  Hex/Ice        #######...   1%          5    None
i - Bolt of Cold          Conj/Ice       #######...   11%         6    ####...
j - Freezing Cloud        Conj/Ice/Air   ######....   11%         6    ####...
k - Ozocubu's Refrigerat  Ice            #######...   9%          6    ####...
l - Condensation Shield   Ice            #######...   1%          4    None
m - Controlled Blink      Tloc           N/A          4%          7    #####..


Dungeon Overview and Level Annotations

Branches:
Dungeon (1/1)

Altars:
Cheibriados
Dithmenos
Elyvilon
Fedhas
Gozag
Kikubaaqudgha
Makhleb
Nemelex Xobeh
Okawaru
Qazlal
Ru
Sif Muna
Trog
Vehumet
Xom
Yredelemnul
Zin
The Shining One
Jiyva
Lugonu

Shops:
D ?}(%?[}[*%!(:}?[}=[

Annotations:
D Royal Jelly


Innate Abilities, Weirdness & Mutations

You are tiny and cannot use many weapons and most armour.
You have supernaturally acute eyesight.
You are a herbivore.
You cover ground extremely quickly.
You need consume almost no food.
You tend to lose your temper in combat.
You can translocate small distances at will.
You are clumsy. (Dex -2)
You occasionally shout uncontrollably at your foes.
You are weak. (Str -2)
Your spells are a little harder to cast, but a little more powerful.


Message History

Press: ? - help, Shift-Dir - straight line, f/p - shining eye
Aim: a shining eye (freezing vapour, umbra)
The spray of energy hits the shining eye.
The shining eye is heavily wounded.
The wall burns you!
The shining eye is engulfed in freezing vapours. x2
Unknown command.
The walls burn you!
* * * LOW HITPOINT WARNING * * *
You emit a cloud of dark smoke.
Unknown command.
The wall burns you!
* * * LOW HITPOINT WARNING * * *
The shining eye is engulfed in freezing vapours.
The shining eye gazes at you.
Strange energies course through your body.
You feel the urge to shout.
Unknown command.
The wall burns you!
You die...

▓...#≈........J..♣
▓...'≈≈...########♣♣
▓...#≈≈≈..........P♣
▓...#≈≈≈≈.........P♣
#'#############+####
##.###### ▓.....
*#§#...### ▓≈≈...
##§§.....## ▓≈≈≈P.
##§@§....G.#* ▓≈≈≈≈≈
#§§§§###...G* ▓≈≈≈≈≈
#§GG##[##..J* ▓≈≈≈≈≈
##§§#!φ$#..#* ▓≈≈≈≈≈
*§§J##"##..G* ▓≈≈≈≈≈
#§§§.###...G* ▓≈≈≈≈≈
##.§§......#* ▓≈≈≈≈≈
##.......## ▓≈≈≈≈≈
###._.### ▓≈≈≈≈≈


You could see 2 shining eyes and a giant eyeball (wandering).

Vanquished Creatures
  Norris (D)
  A lich (D)
  Rupert (D)
  A deep elf master archer (D)
  An acid blob (D)
  2 sphinxes (D)
  A kraken (D)
  Gastronok (D)
  A Shadow Fiend (D)
  Chuck (D)
  2 shadow dragons (D)
  Dowan (D)
  4 azure jellies (D)
  2 dire elephants (D)
  2 deep elf demonologists (D)
  A deep elf annihilator (D)
  2 deep elf death magi (D)
  4 fire dragons (D)
  3 mummy priests (D)
  Josephine (D)
  An ogre mage (D)
  A yaktaur captain (D)
  2 hydras (D)
  2 centaur warriors (D)
  An anaconda (shapeshifter) (D)
  2 alligator snapping turtles (D)
  4 dancing weapons (D)
  4 death yaks (D)
  2 deep elf knights (D)
  4 skeletal warriors (D)
  A death drake (D)
  A spriggan druid (D)
  A deep elf summoner (D)
  2 unseen horrors (D)
  A deep troll (shapeshifter) (D)
  An obsidian statue (D)
  A lindwurm (D)
  2 deep elf conjurers (D)
  An orc sorcerer (D)
  5 ugly things (D)
  4 crystal guardians (D)
  2 black mambas (D)
  2 elephants (D)
  Duvessa (D)
  An orange crystal statue (D)
  2 spiny frogs (D)
  5 guardian mummies (D)
  A komodo dragon (D)
  A fire drake (D)
  2 deep elf priests (D)
  4 spriggan defenders (D)
  A queen bee (D)
  2 orc high priests (D)
  3 wandering mushrooms (D)
  8 blink frogs (D)
  2 boulder beetles (shapeshifter) (D)
  4 slime creatures (D)
  2 spriggans (D)
  3 redbacks (D)
  A shadow (D)
  4 snapping turtles (D)
  A spatial vortex (D)
  2 fire dragon simulacra (D)
  A swamp drake (D)
  5 orc warriors (D)
  A necrophage (D)
  2 centaurs (D)
  An earth elemental (D)
  2 brain worms (D)
  A water elemental (D)
  32 killer bees (D)
  An electric eel (D)
  A wizard (D)
  A jelly (D)
  5 orc priests (D)
  Jessica (D)
  A necromancer (D)
  A wolf (D)
  A polar bear simulacrum (D)
  A wolf simulacrum (D)
  3 humans (D)
  A kobold demonologist (D)
  A giant eyeball (D)
  9 orcs (D)
  3 rats (D)
  8 bushes (D)
  13 plants (D)
226 creatures vanquished.

Vanquished Creatures (collateral kills)
  Maud (D)
1 creature vanquished.

Vanquished Creatures (others)
  Xtahua (D)
  2 draconian scorchers (D)
  A fire dragon (D)
  A hydra (D)
  2 fire drakes (D)
  2 yaktaurs (D)
  A guardian mummy (D)
  9 plants (D)
19 creatures vanquished.

Grand Total: 246 creatures vanquished

Notes
Turn   | Place    | Note
--------------------------------------------------------------
     0 | D        | Kidiri the Spriggan Enchanter began the quest for the Orb.
     0 | D        | Reached XP level 1. HP: 9/9 MP: 5/5
    22 | D        | Noticed Jessica
    49 | D        | Killed Jessica
    49 | D        | Reached skill level 5 in Dodging
    49 | D        | Reached skill level 6 in Stealth
    49 | D        | Reached XP level 2. HP: 13/13 MP: 4/8
    65 | D        | Learned a level 2 spell: Ensorcelled Hibernation
    90 | D        | Killed a yaktaur
    98 | D        | Noticed a wolf
   101 | D        | Killed a wolf
   101 | D        | Reached skill level 7 in Stealth
   101 | D        | Reached skill level 5 in Spellcasting
   101 | D        | Reached XP level 3. HP: 16/16 MP: 8/10
   104 | D        | Killed a fire drake
   106 | D        | Reached skill level 1 in Ice Magic
   106 | D        | Reached XP level 4. HP: 21/21 MP: 9/12
   131 | D        | Gained mutation: You can translocate small distances at will. [potion of mutation]
   131 | D        | Gained mutation: Your magical capacity is low (-10% MP). [potion of mutation]
   131 | D        | Gained mutation: You are weak. (Str -2) [potion of mutation]
   132 | D        | Gained mutation: You are clumsy. (Dex -2) [potion of mutation]
   132 | D        | Gained mutation: You are frail (-10% HP). [potion of mutation]
   132 | D        | Gained mutation: Your magical capacity is very low (-20% MP). [potion of mutation]
   138 | D        | Learned a level 3 spell: Confuse
   142 | D        | Learned a level 3 spell: Tukima's Dance
   146 | D        | Learned a level 3 spell: Dazzling Spray
   156 | D        | Noticed a water elemental
   159 | D        | Killed a water elemental
   159 | D        | Reached skill level 8 in Stealth
   159 | D        | Reached skill level 5 in Hexes
   168 | D        | Noticed a jelly
   169 | D        | Noticed a shadow
   199 | D        | Killed a shadow
   199 | D        | Reached skill level 10 in Stealth
   199 | D        | Reached XP level 5. HP: 13/21 MP: 3/13
   199 | D        | Reached XP level 6. HP: 15/25 MP: 3/14
   233 | D        | Killed a white draconian scorcher
   250 | D        | Killed a white draconian scorcher
   265 | D        | Killed a fire drake
   348 | D        | Killed a jelly
   387 | D        | Found a stormy altar of Qazlal.
   388 | D        | Found a sacrificial altar of Ru.
   388 | D        | Found a burning altar of Makhleb.
   388 | D        | Found a viscous altar of Jiyva.
   388 | D        | Found a shimmering altar of Xom.
   388 | D        | Found a shadowy altar of Dithmenos.
   388 | D        | Found a sparkling altar of Nemelex Xobeh.
   388 | D        | Found a corrupted altar of Lugonu.
   388 | D        | Found an opulent altar of Gozag.
   388 | D        | Noticed a spatial vortex
   392 | D        | Became a worshipper of Dithmenos the Shadowed
   413 | D        | Killed a spatial vortex
   413 | D        | Reached skill level 5 in Short Blades
   413 | D        | Reached skill level 11 in Stealth
   413 | D        | Reached skill level 1 in Invocations
   512 | D        | Found a radiant altar of Vehumet.
   513 | D        | Found a deep blue altar of Sif Muna.
   513 | D        | Found an ancient bone altar of Kikubaaqudgha.
   513 | D        | Noticed a wizard
   514 | D        | Killed a wizard
   526 | D        | Learned a level 1 spell: Apportation
   533 | D        | Learned a level 6 spell: Invisibility
   547 | D        | Found a glowing silver altar of Zin.
   548 | D        | Found a glowing golden altar of the Shining One.
   548 | D        | Found a white marble altar of Elyvilon.
   548 | D        | Noticed a deep elf priest
   550 | D        | Killed a deep elf priest
   550 | D        | Reached skill level 10 in Dodging
   550 | D        | Reached XP level 7. HP: 28/28 MP: 16/16
   554 | D        | Lost mutation: You are weak. (Str -2) [potion of cure mutation]
   554 | D        | Lost mutation: Your magical capacity is very low (-20% MP). [potion of cure mutation]
   554 | D        | Lost mutation: Your magical capacity is low (-10% MP). [potion of cure mutation]
   554 | D        | Lost mutation: You are frail (-10% HP). [potion of cure mutation]
   599 | D        | Found an iron altar of Okawaru.
   600 | D        | Found a bloodstained altar of Trog.
   600 | D        | Noticed a human
   600 | D        | Noticed a human
   602 | D        | Killed a human
   602 | D        | Reached skill level 12 in Stealth
   603 | D        | Killed a human
   625 | D        | Learned a level 5 spell: Metabolic Englaciation
   628 | D        | Found a snail-covered altar of Cheibriados.
   628 | D        | Noticed a necrophage
   629 | D        | Found a basalt altar of Yredelemnul.
   629 | D        | Found a blossoming altar of Fedhas.
   629 | D        | Noticed a necromancer
   630 | D        | Killed a necrophage
   630 | D        | Acquired Dithmenos's first power
   630 | D        | Reached XP level 8. HP: 36/36 MP: 22/22
   631 | D        | Killed a necromancer
   651 | D        | Noticed Josephine
   663 | D        | Killed Josephine
   663 | D        | Reached skill level 13 in Stealth
   663 | D        | Reached skill level 10 in Spellcasting
   663 | D        | Reached skill level 5 in Translocations
   666 | D        | Gained mutation: Your spells are a little harder to cast, but a little more powerful. [potion of mutation]
   666 | D        | Gained mutation: You are weak. (Str -2) [potion of mutation]
   767 | D        | Noticed an earth elemental
   770 | D        | Killed an earth elemental
   777 | D        | Noticed a centaur
   777 | D        | Noticed a centaur warrior
   777 | D        | Noticed a centaur
   779 | D        | Killed a centaur warrior
   779 | D        | Reached skill level 14 in Stealth
   779 | D        | Reached skill level 5 in Ice Magic
   779 | D        | Reached XP level 9. HP: 39/39 MP: 19/25
   780 | D        | Killed a centaur
   780 | D        | Acquired Dithmenos's second power
   781 | D        | Killed a centaur
   820 | D        | Noticed an unseen horror
   820 | D        | Noticed an unseen horror
   823 | D        | Killed an unseen horror
   823 | D        | Reached skill level 15 in Stealth
   825 | D        | Killed an unseen horror
   842 | D        | Learned a level 6 spell: Bolt of Cold
   842 | D        | Noticed a killer bee
   842 | D        | Noticed a killer bee
   842 | D        | Noticed a killer bee
   842 | D        | Noticed a queen bee
   842 | D        | Noticed a killer bee
   842 | D        | Noticed a killer bee
   842 | D        | Noticed a killer bee
   842 | D        | Noticed a killer bee
   842 | D        | Noticed a killer bee
   842 | D        | Noticed a killer bee
   842 | D        | Noticed a killer bee
   842 | D        | Noticed a killer bee
   842 | D        | Noticed a killer bee
   842 | D        | Noticed a killer bee
   842 | D        | Noticed a killer bee
   843 | D        | Noticed a killer bee
   843 | D        | Noticed a killer bee
   843 | D        | Noticed a killer bee
   843 | D        | Noticed a killer bee
   843 | D        | Noticed a killer bee
   843 | D        | Noticed a killer bee
   843 | D        | Noticed a killer bee
   843 | D        | Noticed a killer bee
   843 | D        | Noticed a killer bee
   843 | D        | Noticed a killer bee
   843 | D        | Noticed a killer bee
   843 | D        | Noticed a killer bee
   843 | D        | Noticed a killer bee
   843 | D        | Noticed a killer bee
   843 | D        | Noticed a killer bee
   843 | D        | Noticed a killer bee
   843 | D        | Noticed a killer bee
   843 | D        | Noticed a killer bee
   848 | D        | Killed a killer bee
   850 | D        | Killed a killer bee
   850 | D        | Acquired Dithmenos's third power
   854 | D        | Killed a killer bee
   856 | D        | Killed a killer bee
   858 | D        | Killed a killer bee
   858 | D        | Reached XP level 10. HP: 37/44 MP: 12/27
   860 | D        | Killed a killer bee
   863 | D        | Killed a killer bee
   865 | D        | Killed a killer bee
   868 | D        | Killed a killer bee
  1068 | D        | Killed a killer bee
  1068 | D        | Acquired Dithmenos's fourth power
  1071 | D        | Killed a killer bee
  1071 | D        | Reached skill level 5 in Conjurations
  1073 | D        | Killed a killer bee
  1075 | D        | Killed a killer bee
  1078 | D        | Killed a killer bee
  1080 | D        | Killed a killer bee
  1080 | D        | Reached skill level 16 in Stealth
  1084 | D        | Killed a killer bee
  1088 | D        | Killed a killer bee
  1090 | D        | Killed a killer bee
  1094 | D        | Killed a killer bee
  1231 | D        | Killed a killer bee
  1233 | D        | Killed a killer bee
  1235 | D        | Killed a killer bee
  1237 | D        | Killed a killer bee
  1239 | D        | Killed a killer bee
  1241 | D        | Killed a killer bee
  1247 | D        | Killed a killer bee
  1249 | D        | Killed a killer bee
  1252 | D        | Killed a killer bee
  1254 | D        | Killed a killer bee
  1258 | D        | Killed a killer bee
  1260 | D        | Killed a killer bee
  1402 | D        | Killed a killer bee
  1407 | D        | Killed a queen bee
  1407 | D        | Reached skill level 10 in Hexes
  1513 | D        | Noticed a wandering mushroom
  1514 | D        | Noticed a wandering mushroom
  1514 | D        | Noticed a wandering mushroom
  1515 | D        | Killed a wandering mushroom
  1517 | D        | Killed a wandering mushroom
  1517 | D        | Reached skill level 15 in Dodging
  1524 | D        | Killed a wandering mushroom
  1617 | D        | Noticed a spiny frog
  1617 | D        | Noticed a komodo dragon
  1617 | D        | Noticed a spiny frog
  1621 | D        | Killed a spiny frog
  1621 | D        | Reached skill level 17 in Stealth
  1624 | D        | Killed a spiny frog
  1626 | D        | Killed a komodo dragon
  1644 | D        | Noticed a redback
  1646 | D        | Killed a redback
  1647 | D        | Noticed a brain worm
  1651 | D        | Killed a brain worm
  1654 | D        | Noticed a brain worm
  1656 | D        | Killed a brain worm
  1659 | D        | Noticed a lindwurm
  1661 | D        | Noticed a redback
  1662 | D        | Killed a lindwurm
  1664 | D        | Killed a redback
  1669 | D        | Noticed a redback
  1670 | D        | Killed a redback
  1670 | D        | Reached XP level 11. HP: 47/47 MP: 29/29
  1671 | D        | Noticed Maud
  1845 | D        | Killed Maud
  1845 | D        | Reached skill level 10 in Translocations
  1873 | D        | Learned a level 6 spell: Freezing Cloud
  1873 | D        | Noticed an electric eel
  1874 | D        | Noticed a four-headed hydra
  1874 | D        | Noticed an eight-headed hydra
  1875 | D        | Killed an electric eel
  1877 | D        | Killed a four-headed hydra
  1877 | D        | Reached skill level 18 in Stealth
  1877 | D        | Reached skill level 1 in Air Magic
  1878 | D        | Killed an eight-headed hydra
  1919 | D        | Noticed a death drake
  1922 | D        | Killed a death drake
  1932 | D        | Found a blossoming altar of Fedhas.
  1932 | D        | Noticed a spriggan
  1932 | D        | Noticed a spriggan druid
  1932 | D        | Noticed a spriggan
  1934 | D        | Killed a spriggan druid
  1935 | D        | Killed a spriggan
  1936 | D        | Killed a spriggan
  1969 | D        | Noticed a fire dragon
  1969 | D        | Noticed a fire dragon
  1970 | D        | Found Kuopouku's Magic Scroll Emporium.
  1970 | D        | Found Xeki's Antique Armour Shop.
  1970 | D        | Found Noxzits's Gadget Shoppe.
  1970 | D        | Noticed a fire dragon
  1972 | D        | Killed a fire dragon
  1972 | D        | Reached skill level 10 in Short Blades
  1975 | D        | Killed a fire dragon
  1988 | D        | Killed a fire dragon
  1988 | D        | Reached skill level 19 in Stealth
  1988 | D        | Reached skill level 15 in Spellcasting
  2261 | D        | Noticed a fire dragon
  2315 | D        | Killed a five-headed hydra
  2587 | D        | Noticed a swamp drake
  2587 | D        | Noticed a fire drake
  2588 | D        | Killed a fire drake
  2590 | D        | Killed a swamp drake
  2599 | D        | Noticed a blink frog
  2601 | D        | Noticed a blink frog
  2601 | D        | Noticed a blink frog
  2602 | D        | Killed a blink frog
  2603 | D        | Noticed a blink frog
  2603 | D        | Noticed a blink frog
  2605 | D        | Killed a blink frog
  2607 | D        | Killed a blink frog
  2610 | D        | Killed a blink frog
  2613 | D        | Killed a blink frog
  2681 | D        | Noticed Rupert
  2683 | D        | Killed Rupert
  2683 | D        | Reached XP level 12. HP: 51/51 MP: 27/32
  2703 | D        | Learned a level 6 spell: Ozocubu's Refrigeration
  2709 | D        | Noticed a death yak
  2710 | D        | Noticed a death yak
  2710 | D        | Noticed a blink frog
  2711 | D        | Noticed an azure jelly
  2711 | D        | Noticed a death yak
  2711 | D        | Noticed an azure jelly
  2711 | D        | Noticed a blink frog
  2711 | D        | Noticed a death yak
  2712 | D        | Killed a death yak
  2713 | D        | Killed a blink frog
  2715 | D        | Noticed a blink frog
  2726 | D        | Killed a death yak
  2975 | D        | Noticed a black mamba
  2983 | D        | Killed a blink frog
  2983 | D        | Reached skill level 20 in Stealth
  2986 | D        | Killed a blink frog
  2989 | D        | Noticed a black mamba
  2991 | D        | Killed a black mamba
  2993 | D        | Killed a black mamba
  2998 | D        | Killed a death yak
  3003 | D        | Killed a death yak
  3125 | D        | Noticed a kraken
  3139 | D        | Noticed a snapping turtle
  3139 | D        | Noticed a snapping turtle
  3157 | D        | Killed a kraken
  3157 | D        | Reached skill level 5 in Air Magic
  3352 | D        | Noticed an alligator snapping turtle
  3352 | D        | Noticed a snapping turtle
  3352 | D        | Noticed an alligator snapping turtle
  3352 | D        | Noticed a snapping turtle
  3352 | D        | Found Toarghatorch's Antique Weapon Shop.
  3352 | D        | Found Uffel's Gadget Boutique.
  3352 | D        | Found Jyleckotz's Magic Scroll Shoppe.
  3353 | D        | Killed a snapping turtle
  3354 | D        | Killed a snapping turtle
  3356 | D        | Killed a snapping turtle
  3372 | D        | Killed an alligator snapping turtle
  3376 | D        | Killed a snapping turtle
  3383 | D        | Killed an alligator snapping turtle
  3391 | D        | Got a barnacled rune of Zot
  3621 | D        | Noticed an azure jelly
  3621 | D        | Noticed an azure jelly
  3622 | D        | Noticed an elephant
  3622 | D        | Noticed an elephant
  3622 | D        | Noticed a dire elephant
  3622 | D        | Noticed a dire elephant
  3622 | D        | Noticed Gastronok
  3624 | D        | Killed Gastronok
  3624 | D        | Reached skill level 21 in Stealth
  3625 | D        | Killed a dire elephant
  3628 | D        | Killed a dire elephant
  3628 | D        | Reached XP level 13. HP: 55/55 MP: 28/35
  3631 | D        | Killed an elephant
  3633 | D        | Killed an elephant
  3710 | D        | Noticed Dowan
  3710 | D        | Noticed Duvessa
  3712 | D        | Killed Dowan
  3725 | D        | Killed Duvessa
  3826 | D        | Noticed an orc priest
  3826 | D        | Noticed an orc priest
  3827 | D        | Noticed an orc priest
  3827 | D        | Noticed an orc high priest
  3829 | D        | Killed an orc priest
  3829 | D        | Killed an orc priest
  3831 | D        | Killed an orc priest
  3839 | D        | Killed an orc high priest
  3868 | D        | Killed a yaktaur
  4036 | D        | Noticed a spriggan defender
  4037 | D        | Noticed a spriggan defender
  4037 | D        | Noticed a spriggan defender
  4037 | D        | Noticed a spriggan defender
  4038 | D        | Killed a spriggan defender
  4039 | D        | Killed a spriggan defender
  4041 | D        | Killed a spriggan defender
  4042 | D        | Killed a spriggan defender
  4171 | D        | Noticed a slime creature
  4174 | D        | Killed a slime creature
  4190 | D        | Noticed a cyan ugly thing
  4192 | D        | Killed a cyan ugly thing
  4204 | D        | Learned a level 4 spell: Condensation Shield
  4212 | D        | Noticed a centaur warrior
  4214 | D        | Killed a centaur warrior
  4223 | D        | Noticed a slime creature
  4225 | D        | Killed a slime creature
  4231 | D        | Noticed a purple ugly thing
  4232 | D        | Noticed a fire dragon
  4234 | D        | Killed a purple ugly thing
  4236 | D        | Killed a fire dragon
  4236 | D        | Reached skill level 22 in Stealth
  4249 | D        | Noticed a short sword of venom
  4249 | D        | Noticed a mace of protection
  4250 | D        | Noticed a long sword of holy wrath
  4270 | D        | Killed a short sword of venom
  4440 | D        | Killed a fire dragon
  4563 | D        | Noticed a dire flail of holy wrath
  4564 | D        | Killed a long sword of holy wrath
  4566 | D        | Killed a dire flail of holy wrath
  4569 | D        | Killed a mace of protection
  4636 | D        | Noticed an orange crystal statue
  4654 | D        | Killed an orange crystal statue
  4748 | D        | Found Aseet's Book Emporium.
  4748 | D        | Found Vaagaolo's Magic Scroll Shop.
  4748 | D        | Found Masuoq's Distillery.
  4748 | D        | Found Lytim's Antique Armour Shoppe.
  4748 | D        | Found Hyod's Antique Weapon Boutique.
  4748 | D        | Found Felir's Gadget Emporium.
  4748 | D        | Found Cuttaang's Food Shoppe.
  4748 | D        | Found Xitaeff's Jewellery Shop.
  4748 | D        | Found Xottoqar's General Store.
  4748 | D        | Found Yrghaebb's Gadget Emporium.
  4748 | D        | Found Gaotri's Antique Armour Emporium.
  4748 | D        | Found Juh Wue's Armour Boutique.
  4756 | D        | Killed Xtahua
  4789 | D        | Bought a scroll of magic mapping for 38 gold pieces
  4800 | D        | Bought a scroll of identify for 22 gold pieces
  4801 | D        | Bought a scroll of blinking for 82 gold pieces
  4879 | D        | Found Acrirchol's Food Shoppe.
  4879 | D        | Noticed an orc sorcerer
  4879 | D        | Noticed an orc priest
  4880 | D        | Noticed an orc priest
  4880 | D        | Noticed an orc high priest
  4880 | D        | Noticed an orc warrior
  4880 | D        | Noticed an orc warrior
  4880 | D        | Noticed an orc warrior
  4880 | D        | Noticed an orc warrior
  4880 | D        | Noticed an orc warrior
  4881 | D        | Killed an orc priest
  4883 | D        | Killed an orc sorcerer
  4887 | D        | Killed an orc warrior
  4888 | D        | Killed an orc warrior
  4890 | D        | Killed an orc high priest
  4891 | D        | Killed an orc warrior
  4892 | D        | Killed an orc warrior
  4896 | D        | Killed an orc warrior
  4903 | D        | Killed an orc priest
  5007 | D        | Noticed a deep elf conjurer
  5007 | D        | Noticed a deep elf knight
  5007 | D        | Noticed a deep elf knight
  5007 | D        | Noticed a deep elf summoner
  5007 | D        | Noticed a deep elf priest
  5016 | D        | Killed a deep elf priest
  5017 | D        | Killed a deep elf conjurer
  5017 | D        | Killed a deep elf knight
  5019 | D        | Killed a deep elf knight
  5174 | D        | Noticed a deep elf conjurer
  5179 | D        | Noticed a deep elf demonologist
  5192 | D        | Noticed a deep elf annihilator
  5194 | D        | Noticed a cacodemon
  5194 | D        | Noticed a deep elf death mage
  5202 | D        | Killed a deep elf demonologist
  5203 | D        | Killed a deep elf demonologist
  5381 | D        | Noticed a deep elf master archer
  5390 | D        | Killed a deep elf master archer
  5390 | D        | Reached skill level 23 in Stealth
  5503 | D        | Killed a deep elf conjurer
  5503 | D        | Reached skill level 15 in Translocations
  5560 | D        | Noticed a deep elf death mage
  5620 | D        | Killed a deep elf summoner
  5628 | D        | Got a bound lead ring
  5632 | D        | Identified the ring "Jitraw" {rF+ MR+ Str+6} (You took it off a deep elf master archer in the Dungeon)
  5719 | D        | Killed a deep elf death mage
  5915 | D        | Killed a deep elf death mage
  6088 | D        | Killed a deep elf annihilator
  6088 | D        | Reached skill level 10 in Ice Magic
  6088 | D        | Reached XP level 14. HP: 5/59 MP: 26/37
  6376 | D        | Killed a ghostly deep elf death mage
  6638 | D        | Noticed a crystal guardian
  6640 | D        | Killed a crystal guardian
  6703 | D        | Noticed a crystal guardian
  6703 | D        | Noticed a crystal guardian
  6703 | D        | Noticed a crystal guardian
  6706 | D        | Killed a crystal guardian
  6708 | D        | Killed a crystal guardian
  6710 | D        | Killed a crystal guardian
  6734 | D        | Bought an Akashic Record for 1324 gold pieces
  7093 | D        | Noticed a yaktaur captain
  7093 | D        | Noticed a slime creature
  7094 | D        | Noticed a brown ugly thing
  7094 | D        | Noticed a cyan ugly thing
  7095 | D        | Killed a slime creature
  7098 | D        | Killed a cyan ugly thing
  7111 | D        | Killed a yaktaur captain
  7121 | D        | Noticed a cyan ugly thing
  7123 | D        | Killed a brown ugly thing
  7128 | D        | Noticed Chuck
  7137 | D        | Killed a brown ugly thing
  7274 | D        | Noticed a slime creature
  7513 | D        | Killed Chuck
  7518 | D        | Killed a slime creature
  7641 | D        | Noticed a boulder beetle
  7645 | D        | Noticed Norris
  7647 | D        | Killed a boulder beetle
  7659 | D        | Killed Norris
  7659 | D        | Reached skill level 24 in Stealth
  7684 | D        | Noticed a lich
  7684 | D        | Noticed a boulder beetle
  7686 | D        | Killed a lich
  7687 | D        | Killed a boulder beetle
  7704 | D        | Noticed an anaconda
  7705 | D        | Noticed a shadow dragon
  7705 | D        | Noticed an ogre mage
  7705 | D        | Noticed a shadow dragon
  7706 | D        | Killed an anaconda
  7706 | D        | Reached skill level 15 in Hexes
  7714 | D        | Killed a shadow dragon
  7716 | D        | Killed a shadow dragon
  7717 | D        | Killed an ogre mage
  7772 | D        | Noticed an obsidian statue
  7773 | D        | Noticed a deep troll
  7775 | D        | Killed a deep troll
  7785 | D        | Killed an obsidian statue
  8176 | D        | Noticed a skeletal warrior
  8176 | D        | Noticed a skeletal warrior
  8176 | D        | Noticed a skeletal warrior
  8176 | D        | Noticed a skeletal warrior
  8177 | D        | Noticed an ancient lich
  8178 | D        | Killed a skeletal warrior
  8178 | D        | Reached skill level 10 in Conjurations
  8179 | D        | Killed a skeletal warrior
  8181 | D        | Killed a skeletal warrior
  8181 | D        | Reached skill level 25 in Stealth
  8182 | D        | Killed a skeletal warrior
  8242 | D        | Learned a level 7 spell: Controlled Blink
  8395 | D        | Noticed a guardian mummy
  8396 | D        | Noticed a mummy priest
  8396 | D        | Noticed a sphinx
  8396 | D        | Noticed a sphinx
  8397 | D        | Killed a guardian mummy
  8398 | D        | Killed a sphinx
  8399 | D        | Killed a sphinx
  8403 | D        | Killed a mummy priest
  8547 | D        | Noticed a mummy priest
  8548 | D        | Noticed a mummy priest
  8549 | D        | Killed a mummy priest
  8549 | D        | Reached skill level 15 in Short Blades
  8551 | D        | Killed a mummy priest
  9120 | D        | Noticed a guardian mummy
  9120 | D        | Noticed a guardian mummy
  9121 | D        | Noticed a guardian mummy
  9121 | D        | Noticed a guardian mummy
  9122 | D        | Killed a guardian mummy
  9123 | D        | Killed a guardian mummy
  9175 | D        | Killed a guardian mummy
  9296 | D        | Noticed a guardian mummy
  9297 | D        | Killed a guardian mummy
  9299 | D        | Killed a guardian mummy
  9511 | D        | Noticed a Shadow Fiend
  9598 | D        | Killed a Shadow Fiend
 10084 | D        | Got a decaying rune of Zot
 10205 | D        | Noticed a wolf simulacrum
 10205 | D        | Noticed a fire dragon simulacrum
 10205 | D        | Noticed a polar bear simulacrum
 10205 | D        | Noticed a fire dragon simulacrum
 10208 | D        | Killed a polar bear simulacrum
 10317 | D        | Killed a fire dragon simulacrum
 10405 | D        | Killed a fire dragon simulacrum
 10406 | D        | Killed a wolf simulacrum
 10433 | D        | Identified Jezxaid's Collected Works on Battle Magic and Flames (You found it in the Dungeon)
 10642 | D        | Killed an azure jelly
 10642 | D        | Reached XP level 15. HP: 39/63 MP: 20/40
 10660 | D        | Killed an azure jelly
 10660 | D        | Reached skill level 10 in Air Magic
 10872 | D        | Killed an azure jelly
 10888 | D        | Killed an azure jelly
 11128 | D        | Noticed an acid blob
 11128 | D        | Noticed an azure jelly
 11128 | D        | Noticed a shining eye
 11128 | D        | Noticed a shining eye
 11128 | D        | Noticed a shining eye
 11128 | D        | Noticed a shining eye
 11129 | D        | Found a viscous altar of Jiyva.
 11129 | D        | Noticed the royal jelly
 11129 | D        | Gained mutation: You tend to lose your temper in combat. [a shining eye]
 11132 | D        | Killed an acid blob
 11132 | D        | Reached skill level 26 in Stealth
 11136 | D        | HP: 3/63 [acid (7)]
 11136 | D        | Gained mutation: You occasionally shout uncontrollably at your foes. [a shining eye]
 11137 | D        | Splashed with acid

Vault maps used:
D:        dungeon_sprint_mu

Action                   |  1- 3 |  4- 6 |  7- 9 | 10-12 | 13-15 || total
-------------------------+-------+-------+-------+-------+-------++-------
Melee: Dagger            |    18 |    26 |    22 |   139 |   210 ||   415
       Short sword       |       |       |       |       |   126 ||   126
 Cast: Corona            |     2 |       |       |       |       ||     2
       Dazzling Spray    |       |     7 |     1 |    35 |   119 ||   162
       Ensorcelled Hiber |       |       |     8 |    45 |     4 ||    57
       Tukima's Dance    |       |       |     1 |     2 |     3 ||     6
       Confuse           |       |       |     1 |       |     1 ||     2
       Invisibility      |       |       |       |     5 |     4 ||     9
       Metabolic Englaci |       |       |       |     1 |       ||     1
       Apportation       |       |       |       |       |    25 ||    25
       Freezing Cloud    |       |       |       |       |    17 ||    17
       Bolt of Cold      |       |       |       |       |     5 ||     5
       Controlled Blink  |       |       |       |       |     8 ||     8
Invok: Shadow Step       |       |       |     1 |     9 |    19 ||    29
  Use: Scroll            |       |     4 |       |     1 |     3 ||     8
       Potion            |       |     3 |     2 |     1 |     1 ||     7
 Stab: Sleeping          |     4 |     5 |    15 |    62 |    49 ||   135
       Invisible         |       |       |     2 |    19 |     7 ||    28
  Eat: Bread ration      |       |       |       |     1 |       ||     1
       Fruit             |       |       |       |       |     8 ||     8
       Royal jelly       |       |       |       |       |     8 ||     8
